 Dungeon Crawl Stone Soup version 0.30.1-11-g7821555f0a (webtiles) character file.

Game seed: 13779436746659160944

5269 wallyj24 the Fighter (level 10, 93/93 HPs)
             Began as a Hill Orc Fighter on Dec 11, 2023.
             Was an Initiate of Gozag.
             Quit the game on level 8 of the Dungeon.
             The game lasted 00:17:06 (9249 turns).

wallyj24 the Fighter (Hill Orc Fighter)             Turns: 9249, Time: 00:17:07

Health: 93/93      AC: 17    Str: 17    XL:     10   Next: 62%
Magic:  10/10      EV: 11    Int: 10    God:    Gozag
Gold:   354        SH:  7    Dex: 10    Spells: 9/9 levels left

rFire   . . .        l - +8 spear "Rummage" {freeze, rC+++ rN+++ Will- Str-5}
rCold   + + +        c - +1 buckler
rNeg    + + +        D - +1 scale mail of Plog {SInv}
rPois   .            C - +2 hat
rElec   .            q - +0 cloak
rCorr   .            j - +2 pair of gloves {infuse}
SInv    +            F - +0 pair of boots
Will    .....        (no amulet) Stlth
                     o - ring of wizardry
HPRegen 0.35/turn    (no ring)
MPRegen 0.12/turn

%: wizardry (x1), infuse magic (1 MP)
@: no status effects
A: no striking features
a: Renounce Religion, Potion Petition, Call Merchant, Bribe Branch


You were on level 8 of the Dungeon.
You worshipped Gozag.
Gozag was aware of your devotion.
You visited 2 branches of the dungeon, and saw 10 of its levels.
You also visited: Bailey.

You collected 2408 gold pieces.
You spent 646 gold pieces at shops.
You paid 1408 gold pieces to Gozag.

Inventory:

Hand Weapons
 a - a +0 long sword
 l - the +8 spear "Rummage" (weapon) {freeze, rC+++ rN+++ Will- Str-5}
   (You found it on level 2 of the Dungeon)

   Str:       It affects your strength (-5).
   rC:        It renders you almost immune to cold.
   rN:        It renders you almost immune to negative energy.
   Will:      It decreases your willpower.
Missiles
 B - a throwing net (quivered)
Armour
 b - the +3 leather armour "Tiupnuef" {*Slow rN+ Slay+3 Stlth+}
   (You bought it in a shop on level 8 of the Dungeon)

   Slay:      It affects your accuracy & damage with ranged weapons and melee
   (+3).
   rN:        It protects you from negative energy.
   *Slow:     It may slow you when you take damage.
   Stlth:     It makes you more stealthy.
 c - a +1 buckler (worn)
 j - a +2 pair of gloves of infusion (worn)
 q - a +0 cloak (worn)
 C - a +2 hat (worn)
 D - the +1 scale mail of Plog (worn) {SInv}
   (You bought it in a shop on level 8 of the Dungeon)

   SInv:      It lets you see invisible.
 F - a +0 pair of boots (worn)
Jewellery
 e - an amulet of faith
 o - a ring of wizardry (left hand)
Wands
 s - a wand of iceblast (5)
 t - a wand of paralysis (10)
 x - a wand of flame (22)
 E - a wand of acid (10)
Scrolls
 f - a scroll of fog {unknown}
 h - 6 scrolls of teleportation
 v - a scroll of immolation
 y - a scroll of enchant weapon {unknown}
Potions
 d - 4 potions of might
 g - 2 potions of mutation
 i - a potion of flight {unknown}
 k - a potion of heal wounds
 m - 2 potions of lignification
 n - 4 potions of degeneration {unknown}
 p - 2 potions of magic {unknown}
 r - a potion of invisibility {unknown}
 u - 4 potions of cancellation {unknown}
 w - a potion of haste {unknown}
 z - a potion of curing
 A - a potion of ambrosia {unknown}


   Skills:
 + Level 10.1 Fighting
 - Level 3.2 Long Blades
 + Level 1.9 Polearms
 + Level 9.2 Armour
 + Level 5.4 Dodging
 + Level 9.2 Shields


You had 9 spell levels left.
You didn't know any spells.
Your spell library contained the following spells:

 Spells                   Type           Power      Damage    Failure   Level
 Ensorcelled Hibernation  Hex/Ice        0%         N/A       56%         2
 Passwall                 Tmut/Erth      0%         N/A       56%         2
 Stone Arrow              Conj/Erth      0%         3d7       80%         3
 Swiftness                Air            0%         N/A       80%         3
 Animate Armour           Summ/Erth      0%         N/A       99%         4
 Lehudib's Crystal Spear  Conj/Erth      0%         10d2      100%        8


Dungeon Overview and Level Annotations

Branches:
Dungeon (9/15)             Temple (1/1) D:6          Bailey (visited)
   Lair: D:8-11         Orc: D:9-12

Altars:
Ashenzari
Cheibriados
Dithmenos
Elyvilon
Fedhas
Gozag
Hepliaklqana
Kikubaaqudgha
Makhleb
Nemelex Xobeh
Okawaru
Qazlal
Ru
Sif Muna
Trog
Uskayaw
Vehumet
Xom
Yredelemnul
Zin
The Shining One

Shops:
D:5 *   D:8 [=


Message History

The killer bee is almost dead.
You feel sick.
The killer bee stings you but does no damage. x2
You hit the killer bee. You freeze the killer bee.
You kill the killer bee!
You feel sick.
You feel sick.
You now have 1995 gold pieces (gained 5).
You feel sick.
You are no longer poisoned.
There is a stone staircase leading down here.
You start resting.
Magic restored.
You start resting.
HP restored. [a] 729 gold - Xoge's Jewellery Boutique [b] 794 gold - Xepoh's Weapon Emporium [c] 421 gold - Loibol's Magic Scroll Shop Fund which merchant?
Xoge invites you to visit their Jewellery Boutique. [a] 551 gold - Buuph's Assorted Antiques [b] 563 gold - Cautug's Distillery [c] 576 gold - Bitwibam's Antique Armour Shop Fund which merchant?
You no longer have enough gold to fund merchants seeking to open stores in the dungeon.
Bitwibam invites you to visit his Antique Armour Shop.
D - the +1 scale mail of Plog {SInv} Thank you for shopping at Bitwibam's Antique Armour Shop!
You start removing your armour.
You continue taking off your +0 scale mail. x4
You finish taking off your +0 scale mail.
You start putting on your armour.
You continue putting on the +1 scale mail of Plog {SInv}. x5
You finish putting on the +1 scale mail of Plog {SInv}.
You drop a +0 scale mail.
You no longer have enough gold to petition Gozag for potion effects.
b - the +3 leather armour "Tiupnuef" {*Slow rN+ Slay+3 Stlth+} Thank you for shopping at Bitwibam's Antique Armour Shop!
Search for what [Enter for "EGO", or ? for help]? arti Are you sure you want to abandon this character and quit the game? (Confirm with "yes".)

#..##...........8.....8..........
#........#.......................
##.|........................#....
##.....#####.8....∩....8..##...#
#.....# ##............###....
#.....######...........## ##...
##.##..)......8.....8..## ##..
###.##...###......8......# ##..
#.........###..@∩..##....## #...
###................##.....# #...
##.......#........>.#.#....###.##
.........###.##....).......##..##
#........# #######..........#...#
##...##### #................
##### #................
###........##[...
####..#...<[.##..


There were no monsters in sight!

Vanquished Creatures
  An orc warlord (Bailey)
  A wyvern (D:8)
  3 yaks (D:8)
  A steam dragon (D:8)
  3 water moccasins
  14 orc warriors
  A black bear (D:5)
  2 ice beasts (D:6)
  A centaur (D:8)
  3 ogres
  3 phantoms
  Blork the orc (D:4)
  2 kobold brigands (D:8)
  3 scorpions
  A killer bee (D:8)
  3 howler monkeys (D:8)
  2 jellies (D:7)
  2 orc priests
  A gnoll bouda (D:7)
  2 hounds
  An iguana (D:7)
  6 orc wizards
  8 gnolls
  13 adders
  A shadow imp (D:5)
  A white imp (D:7)
  2 ufetubi
  2 worms
  4 dart slugs
  24 orcs
  5 ball pythons
  5 endoplasms
  4 giant cockroaches
  19 goblins
  15 hobgoblins
  6 jackals
  8 quokkas
  5 bats
  4 frilled lizards
  21 kobolds
  10 rats
214 creatures vanquished.

Notes
Turn   | Place    | Note
-------+----------+-------------------------------------------
     0 | D:1      | wallyj24 the Hill Orc Fighter began the quest for the Orb.
     0 | D:1      | Reached XP level 1. HP: 19/19 MP: 1/1
    62 | D:1      | Reached XP level 2. HP: 18/27 MP: 2/2
   384 | D:1      | Reached skill level 4 in Fighting
   414 | D:1      | Reached XP level 3. HP: 33/33 MP: 3/3
   953 | D:2      | Reached XP level 4. HP: 36/40 MP: 4/4
  1201 | D:2      | Identified the +8 spear "Rummage" {freeze, rC+++ rN+++
                  | Will- Str-5}
  1758 | D:3      | Reached XP level 5. HP: 47/47 MP: 5/5
  2548 | D:4      | Noticed Blork the orc
  2559 | D:4      | Killed Blork the orc
  2560 | D:4      | Reached skill level 5 in Fighting
  2560 | D:4      | Reached XP level 6. HP: 31/56 MP: 6/6
  2956 | D:4      | Reached skill level 5 in Armour
  3160 | D:5      | Entered Level 5 of the Dungeon
  3177 | D:5      | Reached skill level 5 in Shields
  3559 | D:5      | Reached skill level 6 in Fighting
  3559 | D:5      | Reached XP level 7. HP: 63/63 MP: 7/7
  3592 | D:5      | Reached skill level 1 in Dodging
  3803 | D:5      | Found Fiudalil's General Store.
  3812 | D:5      | Bought a scroll of teleportation for 30 gold pieces
  3812 | D:5      | Bought a scroll of identify for 20 gold pieces
  3816 | D:5      | Identified a scroll of acquirement
  3816 | D:5      | Acquired 670 gold pieces
  3956 | D:5      | Reached XP level 8. HP: 71/71 MP: 8/8
  4236 | D:6      | Found a staircase to the Ecumenical Temple.
  4628 | D:7      | Reached skill level 7 in Fighting
  5656 | Temple   | Entered the Ecumenical Temple
  5858 | Temple   | Became a worshipper of Gozag Ym Sagoz the Greedy
  6364 | D:6      | Reached XP level 9. HP: 79/81 MP: 9/9
  6686 | D:8      | Reached skill level 8 in Fighting
  6820 | D:5      | Bought a +2 pair of gloves of infusion for 215 gold pieces
  6820 | D:5      | Bought a +0 cloak for 45 gold pieces
  7114 | D:8      | Found a flagged portal.
  7126 | Bailey   | Entered a bailey
  7896 | Bailey   | Reached skill level 9 in Fighting
  8000 | Bailey   | Noticed an orc warlord
  8009 | Bailey   | Reached XP level 10. HP: 80/91 MP: 5/10
  8030 | Bailey   | Killed an orc warlord
  8031 | Bailey   | Reached skill level 5 in Dodging
  8937 | D:8      | Acquired 553 gold pieces
  8978 | D:8      | Reached skill level 1 in Polearms
  9007 | D:8      | Reached skill level 10 in Fighting
  9238 | D:8      | Bought a scorched scale mail for 189 gold pieces
  9238 | D:8      | Identified the +1 scale mail of Plog {SInv} (You bought it
                  | in a shop on level 8 of the Dungeon)
  9249 | D:8      | Bought a bronze leather armour for 147 gold pieces
  9249 | D:8      | Identified the +3 leather armour "Tiupnuef" {*Slow rN+
                  | Slay+3 Stlth+} (You bought it in a shop on level 8 of the
                  | Dungeon)
  9249 | D:8      | Quit the game

Illustrated notes

Levels and vault maps discovered:
D:1:      minmay_arrival_arboretum_small, layout_basic
D:2:      minmay_spotlight, layout_basic, minmay_misc_feat_more_columns
D:3:      layout_loops_corners
D:4:      layout_loops_cross, kennysheep_generic_room_11, uniq_blork_the_orc
D:5:      layout_loops_ring, serial_shops, shop
D:6:      layout_loops_corners, minmay_temple_entry_from_below_a, serial_glass,
          glass_columns_c, glass_columns_b
D:7:      layout_basic
D:8:      layout_cave_pools, enter_bailey_6
D:9:      layout_cross, kennysheep_little_box, orc_0_dummy
Temple:   nicolae_temple_bog_church

Skill      XL: |  1  2  3  4  5  6  7  8  9 10 |
---------------+-------------------------------+-----
Fighting       | 4 5 6 7 9 10 | 10.1
Long Blades    | 3 |  3.2
Shields        | 4 5 6 7 8 9 |  9.2
Armour         | 4 5 6 7 8 9 |  9.2
Dodging        | 1 3 4 5 |  5.4
Polearms       | 1 |  1.9

Action                     |  1- 3 |  4- 6 |  7- 9 | 10-12 || total
---------------------------+-------+-------+-------+-------++-------
  Melee: Long sword        |   150 |    61 |       |       ||   211
         Spear             |       |   111 |   279 |   116 ||   506
  Throw: Throwing net      |       |       |     1 |       ||     1
 Invoke: Call Merchant     |       |       |       |     2 ||     2
  Evoke: Wand              |       |       |     5 |     5 ||    10
    Use: Scroll            |       |       |    11 |     1 ||    12
         Potion            |       |       |     1 |     3 ||     4
   Stab: Paralysed         |       |       |       |    11 ||    11
 Armour: Scale mail        |    75 |    46 |    89 |    67 ||   277
  Dodge: Dodged            |    81 |    68 |   128 |    72 ||   349
  Block: Buckler           |    48 |    26 |    74 |    36 ||   184
